 Dungeon Crawl Stone Soup version 0.23-a0-629-gae4348f (webtiles) character file.

247 Darkshadow the Chopper (level 5, 0/72 HPs)
             Began as a Minotaur Berserker on Dec 25, 2018.
             Was a Priest of Trog.
             Succumbed to Crazy Yiuf's poison
             ... on level 3 of the Dungeon.
             The game lasted 00:15:26 (2953 turns).

Darkshadow the Chopper (Minotaur Berserker)         Turns: 2953, Time: 00:15:26

Health: 0/72       AC:  2    Str: 26    XL:     5   Next: 85%
Magic:  0/4        EV: 12    Int:  4    God:    Trog [***...]
Gold:   138        SH:  0    Dex: 11    Spells: 4/4 levels left

rFire    . . .     SeeInvis .   a - +0 hand axe
rCold    . . .     Gourm    .   (no shield)
rNeg     . . .     Faith    .   b - +0 animal skin
rPois    .         Spirit   .   (helmet restricted)
rElec    .         Reflect  .   (no cloak)
rCorr    .         Harm     .   (no gloves)
MR       .....                  (no boots)
Stlth    ..........             (no amulet)
HPRegen  0.22/turn              (no ring)
MPRegen  0.09/turn              (no ring)

@: berserking (expiring), lethally poisoned (0 -> -21), very quick
A: retaliatory headbutt, horns 2
a: Berserk, Trog's Hand, Renounce Religion


You were on level 3 of the Dungeon.
You worshipped Trog.
Trog was most pleased with you.
You were not hungry.

You visited 1 branch of the dungeon, and saw 3 of its levels.

You collected 138 gold pieces.

Inventory:

Hand Weapons
 a - a +0 hand axe (weapon)
 f - a +0 hunting sling
Missiles
 g - 81 stones (quivered)
Armour
 b - a +0 animal skin (worn)
Jewellery
 n - a +3 ring of intelligence {unknown}
 w - a cursed ring of teleportation {unknown}
Wands
 u - a wand of clouds (7)
Scrolls
 e - a scroll of blinking {unknown}
 h - 3 scrolls of identify {unknown}
 i - 3 scrolls of teleportation {unknown}
 l - a scroll of enchant armour {unknown}
 m - a scroll of magic mapping {unknown}
 o - a scroll of amnesia {unknown}
 x - a scroll of immolation {unknown}
Potions
 d - 2 potions of mutation {unknown}
 j - a potion of degeneration {unknown}
 k - a potion of curing {unknown}
 p - a potion of berserk rage {unknown}
 q - a potion of heal wounds {unknown}
 r - 2 potions of resistance {unknown}
 s - a potion of invisibility {unknown}
 t - a potion of agility {unknown}
 z - a potion of ambrosia {unknown}
Comestibles
 c - a ration


   Skills:
 + Level 5.0 Fighting
 * Level 6.1 Axes
 + Level 4.2 Armour
 - Level 2.3 Dodging


You had 4 spell levels left.
You didn't know any spells.
Your spell library was empty.

Dungeon Overview and Level Annotations

Branches:
Dungeon (3/15)

Altars:
Trog


Innate Abilities, Weirdness & Mutations

You reflexively headbutt those who attack you in melee.
You have a pair of horns on your head.


Message History

Your Axes skill increases to level 6!
* * * LOW HITPOINT WARNING * * *
You feel sick.
You eat one of the 2 rations.
That ration really hit the spot!
* * * LOW HITPOINT WARNING * * *
You feel sick.
Unknown command.
Unknown command.
There is a lethal amount of poison in your body!
There is a lethal amount of poison in your body!
You are too berserk!
You feel a strong urge to attack something.
* * * LOW HITPOINT WARNING * * *
You feel sick.
Things that are here:
a +2 quarterstaff of chaos; a +0 cloak There isn't anything to butcher here.
Press: ? - help, v - describe, . - travel The floor.
You die...

###..........#####.###...........
.)..########## #.....#..###.##.
.##.# ########.# #.##> .##.#
#####.# #.##. .##.# #.....# #.##.
.##.###♣♣♣♣♣ ####### #.##.
.##......♣.♣♣♣##### #.#..
.##.^..P♣.♣..♣#...# #....
.##....PP♣♣♣♣.')@.# ###..
.###...P♣♣ ♣♣#..)# #.. .######♣♣
##### #.. .##..# #.. .##.## #..
###.# ### #.. #.#####.# #..
#.#...#.# #.. #))###..# #..


There were no monsters in sight!

Vanquished Creatures
  A howler monkey (D:3)
  Crazy Yiuf (D:3)
  A worker ant (D:3)
  5 adders
  2 oozes
  2 worms
  A dart slug (D:2)
  3 leopard geckos
  8 orcs (D:3)
  2 ball pythons
  4 bats (D:1)
  4 giant cockroaches
  12 goblins
  9 hobgoblins
  5 jackals
  6 kobolds
  3 quokkas (D:3)
  5 frilled lizards
  8 rats
  A fungus (D:3)
83 creatures vanquished.

Notes
Turn   | Place    | Note
-------+----------+-------------------------------------------
     0 | D:1      | Darkshadow the Minotaur Berserker began the quest for the
                  | Orb.
     0 | D:1      | Reached XP level 1. HP: 19/19 MP: 0/0
   271 | D:1      | Reached XP level 2. HP: 22/27 MP: 1/1
   280 | D:1      | Reached skill level 4 in Axes
   503 | D:1      | Reached XP level 3. HP: 32/33 MP: 2/2
   547 | D:1      | Reached ** piety under Trog
  1323 | D:2      | Reached XP level 4. HP: 41/41 MP: 3/3
  1394 | D:2      | Reached skill level 5 in Axes
  2354 | D:3      | Reached XP level 5. HP: 42/47 MP: 4/4
  2371 | D:3      | Reached *** piety under Trog
  2503 | D:3      | Found a bloodstained altar of Trog.
  2938 | D:3      | Found a runed door.
  2942 | D:3      | Noticed Crazy Yiuf
  2950 | D:3      | Killed Crazy Yiuf
  2950 | D:3      | Reached skill level 5 in Fighting
  2950 | D:3      | Reached skill level 6 in Axes
  2951 | D:3      | HP: 3/72 [poisoned by Crazy Yiuf]
  2952 | D:3      | HP: 1/72 [poisoned by Crazy Yiuf]
  2953 | D:3      | Succumbed to Crazy Yiuf's poison

Vault maps used:
D:1:      eino_arrival_cavern_d, hex_large, minmay_box_of_dots
D:2:      serial_bayou_lagoon_b
D:3:      overflow_temple_1_default, first_ration, uniq_crazy_yiuf_cottage

Skill      XL: |  1  2  3  4  5 |
---------------+----------------+-----
Axes           | 4 5 6 |  6.1
Fighting       | 4 5 |  5.0
Armour         | 3 4 |  4.2
Dodging        | |  2.3

Action                   |  1- 3 |  4- 6 || total
-------------------------+-------+-------++-------
Melee: Hand axe          |    72 |    93 ||   165
       Headbutt          |    11 |    18 ||    29
Throw: Stone             |     3 |       ||     3
Invok: Berserk           |     2 |     2 ||     4
  Eat: Chunk             |     3 |     5 ||     8
       Ration            |       |     1 ||     1
Armor: Animal skin       |    14 |    13 ||    27
Dodge: Dodged            |    39 |    51 ||    90

Table legend:
 A = Non-vault XP
 B = Vault XP
 C = Vault XP percentage of total XP
 D = Non-vault monster count
 E = Vault monster count
 F = Vault count percentage of total count
                 A         B        C        D         E       F
            +---------+---------+-------+---------+---------+-------
      Total |     304 |      50 |  14.1 |      77 |       5 |   6.1
            +---------+---------+-------+---------+---------+-------
        D:1 |      58 |       8 |  12.1 |      31 |       4 |  11.4
        D:2 |      62 |       0 |   0.0 |      16 |       0 |   0.0
        D:3 |     184 |      42 |  18.6 |      30 |       1 |   3.2
            +---------+---------+-------+---------+---------+-------
